 Dungeon Crawl Stone Soup version 0.30-a0-787-gab5ac29 (webtiles) character file.

Game seed: 2666579550515704802

1848 Illumine the Grappler (level 8, -2/72 (81) HPs)
             Began as a Troll Cinder Acolyte on Feb 18, 2023.
             Was a High Priest of Ignis.
             Slain by a wight
             ... wielding a +5 great sword
              (4 damage)
             ... on level 6 of the Dungeon on Feb 19, 2023.
             The game lasted 00:10:43 (5455 turns).

Illumine the Grappler (Troll Cinder Acolyte)        Turns: 5455, Time: 00:10:43

HP:   -2/72 (81)    AC:  5    Str: 25    XL:     8   Next: 88%
MP:   2/8           EV:  9    Int: 16    God:    Ignis [*****.]
Gold: 333           SH:  0    Dex:  5    Spells: 5/9 levels left

rFire   + . .      SeeInvis .      - Unarmed
rCold   . . .      Faith    .    (no shield)
rNeg    . . .      Spirit   .    b - +0 robe
rPois   .          Reflect  .    (helmet restricted)
rElec   .          Harm     .    i - +0 cloak
rCorr   .          Rampage  .    (gloves unavailable)
Will    .....                    (boots unavailable)
Stlth   +                        (no amulet)
HPRegen 1.12/turn                c - +6 ring of intelligence
MPRegen 0.11/turn                (no ring)

@: very slightly contaminated, heavily drained
A: large, unfitting armour, claws 3, regeneration 1, shaggy fur 1, tough skin 1
a: Renounce Religion, Fiery Armour, Foxfire Swarm, Rising Flame


You were on level 6 of the Dungeon.
You worshipped Ignis.
Ignis was extremely pleased with you.
You visited 1 branch of the dungeon, and saw 6 of its levels.
You also visited: Sewer and Ossuary.

You collected 333 gold pieces.

Inventory:

Hand Weapons
 a - a -1 falchion of flaming
Missiles
 h - 2 javelins
 k - 45 stones
 q - 14 poisoned darts (quivered)
Armour
 b - a +0 robe (worn)
 i - a +0 cloak (worn)
Jewellery
 c - a +6 ring of intelligence (left claw)
 C - an amulet of regeneration
Wands
 w - a wand of roots (24)
 B - a wand of polymorph (7)
Scrolls
 e - a scroll of blinking {unknown}
 o - 2 scrolls of poison {unknown}
 p - 4 scrolls of enchant armour
 t - 3 scrolls of teleportation {unknown}
 u - a scroll of amnesia {unknown}
 y - 2 scrolls of noise {unknown}
 D - a scroll of fear {unknown}
 E - a scroll of enchant weapon {unknown}
 F - a scroll of identify
Potions
 d - 5 potions of curing
 f - 5 potions of attraction
 g - 5 potions of brilliance {unknown}
 j - 3 potions of ambrosia {unknown}
 l - a potion of resistance
 m - 8 potions of invisibility
 n - 7 potions of haste
 r - a potion of mutation {unknown}
 s - 2 potions of berserk rage {unknown}
 v - a potion of heal wounds {unknown}
 x - 3 potions of lignification {unknown}
 z - 3 potions of flight {unknown}
 A - a potion of might {unknown}


   Skills:
 + Level 5.4 Fighting
 - Level 2.4 Long Blades
 + Level 2.4 Dodging
 * Level 8.1 Unarmed Combat
 + Level 1.1 Spellcasting
 + Level 2.8 Fire Magic
 + Level 1.0 Poison Magic
 - Level 2.0 Evocations


You had 5 spell levels left.
You knew the following spells:

 Your Spells              Type           Power      Damage    Failure   Level
a - Scorch                Fire           20%        2d6       11%         2
b - Apportation           Tloc           0%         N/A       22%         1
c - Sting                 Tmut/Pois      8%         1d3       19%         1

Your spell library contained the following spells:

 Spells                   Type           Power      Damage    Failure   Level
 Poisonous Vapours        Pois/Air       4%         N/A       28%         2
 Olgreb's Toxic Radiance  Pois           4%         N/A       82%         4
 Alistair's Intoxication  Tmut/Pois      1%         N/A       99%         5


Dungeon Overview and Level Annotations

Branches:
Dungeon (6/15)             Temple (0/1) D:6           Sewer (visited)
Ossuary (visited)

Altars:
Gozag
Okawaru
Uskayaw
The Shining One

Shops:
D:2 =


Innate Abilities, Weirdness & Mutations

You are too large for most types of armour.
You have claws for hands.
Your natural rate of healing is unusually fast.
You are covered in fur. (AC +1)
You have tough skin. (AC +1)


Message History

Found a staircase to the Ecumenical Temple.
F - a scroll of identify A wight comes into view.
It is wielding a +5 great sword.
Casting: Scorch (safe; 11% risk of failure)
Confirm with . or Enter, or press ? or * to list all spells.
Flames lash the wight.
The wight is moderately damaged.
The wight's fire resistance burns away.
Unknown command.
Casting: Scorch (safe; 11% risk of failure)
Confirm with . or Enter, or press ? or * to list all spells.
You miscast Scorch.
You are very lightly contaminated with residual magic.
Nothing appears to happen.
The wight hits you with a +5 great sword!
You feel drained.
Casting: Scorch (safe; 11% risk of failure)
Confirm with . or Enter, or press ? or * to list all spells.
Flames lash the wight.
The wight is burned terribly!
The wight is heavily damaged.
The wight hits you with a +5 great sword!
You barely miss the wight. Your claw misses the wight.
The wight is heavily damaged.
The wight hits you with a +5 great sword.
You scratch the wight.
The wight is almost destroyed.
The wight hits you with a +5 great sword!!
You closely miss the wight.
The wight is almost destroyed.
The wight hits you with a +5 great sword!!
* * * LOW HITPOINT WARNING * * *
You feel drained.
* * * LOW HITPOINT WARNING * * *
You barely miss the wight.
The wight is almost destroyed.
A wight comes into view. It is wielding a +1 halberd.
The wight hits you with a +5 great sword!
* * * LOW HITPOINT WARNING * * *
You feel drained.
You die...

#..# ##....
#..# ##.....
#..# .......#
###+####..#
..>....#.
..z....z..#
..###.#.#
.....#.#.##
#####..#. ...
#.#.# #...#.#
. #.#z#
#.#..#. #.#@#
#.....# #.#.#
#.#.... #.#.#
#.####. #.#.#
#####.####.
#.#
#..........
#.#
#.#########
#.# #.# #.#
#.#
#.######.####


You could see 2 wights.

Vanquished Creatures
  Grinder (Sewer)
  A water moccasin (D:5)
  A black bear (D:6)
  A sky beast (D:6)
  An ogre (D:5)
  A kobold brigand (Sewer)
  An elf zombie (Ossuary)
  A scorpion (D:4)
  A necrophage (Sewer)
  4 wights
  A howler monkey (D:6)
  3 centaur zombies (Ossuary)
  2 hounds
  A jelly (D:4)
  A human zombie (Ossuary)
  An orc priest (D:4)
  A gnoll bouda (D:4)
  5 iguanas
  An orc wizard (D:4)
  3 mummies
  6 gnolls
  3 adders
  4 shadow imps (Sewer)
  6 ufetubi (Sewer)
  An adder zombie (Ossuary)
  3 worms (D:3)
  2 dart slugs
  12 orcs
  A bat zombie (Sewer)
  9 endoplasms
  9 giant cockroaches
  14 goblins
  14 hobgoblins
  6 quokkas
  8 ball pythons
  10 bats
  4 frilled lizards
  A goblin zombie (Ossuary)
  10 hobgoblin zombies (Ossuary)
  19 kobolds
  18 kobold zombies
  4 orc zombies (Ossuary)
  2 rats (D:2)
  A rat zombie (Ossuary)
199 creatures vanquished.

Notes
Turn   | Place    | Note
-------+----------+-------------------------------------------
     0 | D:1      | Illumine the Troll Cinder Acolyte began the quest for the
                  | Orb.
     0 | D:1      | Reached XP level 1. HP: 22/22 MP: 1/1
    29 | D:1      | Reached skill level 1 in Unarmed Combat
    76 | D:1      | Reached XP level 2. HP: 29/29 MP: 2/2
    85 | D:1      | Learned a level 2 spell: Scorch
   312 | D:1      | Reached skill level 2 in Unarmed Combat
   484 | D:2      | Reached XP level 3. HP: 36/36 MP: 3/3
   700 | D:2      | Found an iron altar of Okawaru.
   771 | D:2      | Found Hethrith's Jewellery Shop.
  1215 | D:3      | Found a glowing drain.
  1234 | Sewer    | Entered a sewer
  1245 | Sewer    | Learned a level 1 spell: Apportation
  1247 | Sewer    | Learned a level 1 spell: Sting
  1264 | Sewer    | Reached skill level 3 in Unarmed Combat
  1264 | Sewer    | Reached XP level 4. HP: 45/45 MP: 4/4
  1393 | Sewer    | Found an ancient bone altar of Kikubaaqudgha.
  1402 | Sewer    | Noticed a necrophage
  1411 | Sewer    | Noticed a kobold brigand
  1414 | Sewer    | Noticed Grinder
  1423 | Sewer    | Reached skill level 4 in Unarmed Combat
  1423 | Sewer    | Reached XP level 5. HP: 29/53 MP: 5/5
  1457 | Sewer    | Reached skill level 5 in Unarmed Combat
  1457 | Sewer    | Reached XP level 6. HP: 48/62 MP: 6/6
  1490 | Sewer    | Paralysed by Grinder for 3 turns
  1506 | Sewer    | Killed Grinder
  1507 | Sewer    | Reached XP level 7. HP: 55/70 MP: 1/7
  1763 | D:3      | Found a hide-covered altar of Uskayaw.
  1927 | D:3      | Reached skill level 6 in Unarmed Combat
  2107 | D:3      | Found a faded altar of an unknown god.
  2731 | D:4      | Found a sand-covered staircase.
  2753 | Ossuary  | Entered an ossuary
  2956 | Ossuary  | Reached skill level 1 in Dodging
  2956 | Ossuary  | Reached skill level 7 in Unarmed Combat
  3155 | D:4      | Reached XP level 8. HP: 74/79 MP: 5/8
  3167 | D:4      | Reached skill level 1 in Evocations
  3353 | D:4      | Reached skill level 5 in Fighting
  3686 | D:5      | Entered Level 5 of the Dungeon
  4193 | D:5      | Found a glowing golden altar of the Shining One.
  4272 | D:5      | Found an opulent altar of Gozag.
  4843 | D:6      | Reached skill level 8 in Unarmed Combat
  4980 | D:6      | Reached skill level 1 in Poison Magic
  5390 | D:6      | Found a staircase to the Ecumenical Temple.
  5455 | D:6      | HP: 2/74 [wight/+5 great sword (11)]
  5455 | D:6      | Slain by a wight

Illustrated notes

Levels and vault maps discovered:
D:1:      ncdulo_watergridlock, layout_rooms
D:2:      layout_basic, basic_altar, serial_shops, shop
D:3:      cheibrodos_greedy_goblins, layout_loops_cross,
          mainiacjoe_overflow_surrounded_room, cheibrodos_sewer_entry_bend,
          basic_ecumenical_altar, kennysheep_donut, minmay_misc_feat_iff
D:4:      layout_rooms, gup_ossuary_entry_pyramid, kennysheep_generic_room_13
D:5:      layout_basic, nicolae_gozag_cash_rules_everything_around_me,
          tso_oasis_becter, minmay_misc_feat_columns
D:6:      layout_basic, minmay_temple_entry_grid

Skill      XL: |  1  2  3  4  5  6  7  8 |
---------------+-------------------------+-----
Unarmed Combat | 1 2 3 4 5 7 8 |  8.1
Fighting       | 3 4 5 |  5.4
Dodging        | 1 2 |  2.4
Evocations     | 2 |  2.0
Poison Magic   | 1 |  1.0
Long Blades    | |  2.4
Spellcasting   | |  1.1
Fire Magic     | |  2.8

Action                     |  1- 3 |  4- 6 |  7- 9 || total
---------------------------+-------+-------+-------++-------
  Melee: Falchion          |    24 |       |       ||    24
         Unarmed           |   120 |   129 |   313 ||   562
         Punch             |     1 |     2 |    12 ||    15
  Throw: Stone             |     1 |       |       ||     1
         Dart              |       |       |     2 ||     2
   Cast: Scorch            |     4 |     4 |    49 ||    57
 Invoke: Fiery Armour      |       |     1 |       ||     1
    Use: Scroll            |       |       |     5 ||     5
 Armour: Robe              |    51 |    95 |   116 ||   262
  Dodge: Dodged            |    69 |   102 |   129 ||   300

Table legend: (Time is in decaauts)
 A = Elapsed time spent in this place.
 B = Non-inter-level travel time spent in this place.
 C = Inter-level travel time spent in this place.
 D = Time resting spent in this place.
 E = Time spent auto-exploring this place.
 F = Levels seen in this place.
 G = Mean time per level.
                   A        B        C        D        E       F      G
               +--------+--------+--------+--------+--------+-----+--------+
         Total |   5403 |   5245 |    158 |    298 |   3480 |   8 |  675.4 |
       Dungeon |   4593 |   4435 |    158 |    270 |   3199 |   6 |  765.5 |
         Sewer |    458 |    458 |      0 |     11 |    215 |   1 |  458.0 |
       Ossuary |    351 |    351 |      0 |     17 |     66 |   1 |  351.0 |
               +--------+--------+--------+--------+--------+-----+--------+

Top non-repeatable levels by time:
     D:3: 915 daAuts
     D:6: 896 daAuts
     D:5: 862 daAuts
     D:4: 799 daAuts
     D:2: 656 daAuts
     D:1: 462 daAuts
   Sewer: 458 daAuts
 Ossuary: 351 daAuts
